Map: Year Zero LE

Players

Harstem - Winner!

  • Race: Protoss Protoss
  • Spawn Location: 11:00

ShaDoWn

  • Race: Protoss Protoss
  • Spawn Location: 1:00

Event: 2019 WCS Spring

VOD

Have the link to the VOD?

Description

Time

  • Played on: May 17, 2019, 12:13 p.m.
  • Length: 17:22

All games in this series

Show
View Real Time Build Order
Export as new Build Order

Harstem Protoss - Winner!

Build Orders: 1 Gate Expand, Archon Immortal 

Get SALT Encoding   

  12  0:00  Probe  
  13  0:12  Probe  
  14  0:19  Pylon  
  14  0:24  Probe  
  15  0:36  Probe  
  15  0:37  Gateway  
  16  0:44  Probe  
  17  0:50  Assimilator  
  17  0:53  Probe  
  18  1:06  Probe  
  19  1:18  Probe  
  20  1:24  Cybernetics Core  
  20  1:35  Nexus  
  20  1:41  Pylon  
  20  1:44  Probe  
  21  1:51  Stalker  
  21  1:53  Assimilator  
  21  1:56  Probe  
  22  2:05  Warp Gate  
  24  2:09  Probe  
  25  2:16  Stalker  
  25  2:21  Probe  
  28  2:33  Probe  
  29  2:43  Sentry  
  29  2:46  Probe  
  29  2:47  Probe  
  32  2:58  Probe  
  33  2:59  Probe  
  33  3:00  Robotics Facility  
  33  3:01  Shield Battery  
  34  3:07  Stalker  
  34  3:10  Probe  
  34  3:12  Probe  
  36  3:16  Gateway  
  38  3:22  Probe  
  39  3:28  Probe  
  40  3:34  Probe, Gateway  
  40  3:38  Pylon  
  40  3:39  Shield Battery  
  41  3:44  Probe  
  41  3:46  Probe  
  43  3:56  Probe  
  43  3:58  Stalker, Probe  
  47  4:07  Pylon  
  47  4:08  Probe  
  48  4:10  Probe  
  48  4:14  Forge  
  49  4:20  Probe, Pylon  
  49  4:22  Stalker, Probe  
  53  4:28  Probe  
  53  4:30  Probe  
  53  4:34  Assimilator  
  53  4:36  Probe  
  53  4:37  Observer  
  53  4:38  Probe  
  55  4:39  Assimilator  
  55  4:41  Twilight Council  
  58  4:46  Probe  
  58  4:49  Probe  
  58  4:52  Warp Prism  
  62  5:00  Protoss Ground Weapons Level 1  
  62  5:02  Adept  
  62  5:03  Adept  
  62  5:05  Pylon  
  65  5:13  Gateway x2  
  65  5:19  Charge  
  65  5:25  Immortal, Adept x2  
  65  5:28  Pylon  
  69  5:40  Templar Archives  
  73  5:48  Probe  
  74  5:51  Stargate  
  74  5:55  Immortal  
  74  6:00  Zealot x2  
  82  6:05  Pylon  
  82  6:08  Pylon  
  82  6:11  Zealot  
  82  6:16  Zealot  
  86  6:24  High Templar x2  
  90  6:28  Pylon  
  90  6:32  Zealot, Gateway x2  
  90  6:39  Archon  
  86  6:44  Phoenix  
  88  6:47  Protoss Ground Weapons Level 2  
  88  6:50  Zealot  
  90  7:02  Probe x2  
  90  7:14  Probe x2  
  92  7:18  Gateway  
  92  7:19  Gateway  
  92  7:21  Nexus  
  92  7:23  High Templar x2  
  92  7:26  Probe  
  97  7:33  Probe  
  97  7:36  Gateway  
  98  7:43  Zealot, High Templar x2, Pylon  
  104  7:46  Archon  
  102  7:57  Archon  
  102  7:58  Zealot x2  
  100  7:59  Probe  
  100  8:00  Pylon  
  100  8:03  Probe, Pylon  
  100  8:04  Pylon  
  102  8:09  High Templar  
  102  8:11  Probe, Pylon  
  105  8:13  Immortal  
  105  8:14  Zealot, High Templar  
  108  8:20  Archon  
  108  8:22  Probe  
  108  8:24  Zealot  
  115  8:33  Probe  
  116  8:43  Immortal  
  116  8:44  Photon Cannon  
  116  8:52  Probe  
  116  8:54  Assimilator  
  121  8:58  Assimilator  
  121  9:06  Probe  
  118  9:10  Zealot x2, High Templar x2  
  118  9:11  Zealot x4  
  118  9:14  Pylon, Archon  
  134  9:22  Probe  
  132  9:33  Zealot x6  
  143  9:38  Probe  
  143  9:40  Probe x2  
  140  9:46  Protoss Ground Weapons Level 3  
  140  9:48  Photon Cannon  
  140  9:50  High Templar  
  140  9:52  High Templar  
  144  9:56  Archon  
  144  9:57  High Templar x2  
  149  10:00  Probe  
  149  10:02  Archon  
  149  10:06  Warp Prism  
  149  10:08  Probe  
  149  10:10  Pylon  
  148  10:17  High Templar x2  
  148  10:18  Zealot x2  
  158  10:21  Archon  
  158  10:30  High Templar  
  158  10:31  High Templar  
  158  10:32  Probe x2  
  164  10:44  Archon  
  164  10:45  Warp Prism  
  158  11:07  Zealot x4  
  158  11:08  Zealot  
  158  11:09  Immortal  
  168  11:17  Probe  
  159  11:25  Zealot x3  
  149  11:33  Gateway x2  
  149  11:36  Robotics Bay, Dark Shrine  
  149  11:38  Immortal  
  149  11:48  Probe  
  149  11:49  Nexus  
  149  11:51  High Templar  
  149  11:52  High Templar x3  
  162  11:56  Archon  
  162  11:58  Archon  
  162  12:05  Assimilator  
  162  12:06  Zealot  
  162  12:07  Zealot  
  164  12:09  Pylon  
  164  12:11  Assimilator  
  164  12:12  Observer  
  164  12:15  Photon Cannon  
  164  12:16  Photon Cannon  
  159  12:31  Zealot x6  
  159  12:34  Protoss Shields Level 1  
  143  12:39  Observer  
  106  12:52  Dark Templar x4, Disruptor  
  106  12:53  Zealot x4  
  116  13:01  Dark Templar  
  116  13:02  Dark Templar  
  119  13:16  Dark Templar  
  107  13:23  Disruptor  
  107  13:24  Dark Templar  
  96  13:45  Stalker x3, Zealot x2  
  106  13:50  Disruptor  
  106  13:54  Phoenix  
  105  14:06  Probe  
  104  14:22  Disruptor  
  104  14:26  Dark Templar x2  
  111  14:33  Nexus  
  111  14:34  Zealot, Dark Templar  
  115  14:45  Zealot x4  
  121  14:59  High Templar  
  119  15:00  Zealot x2, Sentry, High Templar  
  119  15:03  Archon  
  123  15:09  Probe  
  123  15:11  Probe  
  123  15:12  Pylon  
  125  15:14  Probe  
  125  15:19  Zealot x2, High Templar x2  
  125  15:20  Zealot  
  136  15:23  Archon  
  136  15:28  Probe  
  137  15:36  Zealot x5  
  137  15:41  High Templar x2  
  151  15:54  Archon  
  140  16:02  Zealot x8  
  131  16:24  Probe  
  131  16:25  Photon Cannon  
  132  16:26  Assimilator  
  132  16:27  High Templar x4  
  132  16:28  Zealot x3, Assimilator  
  146  16:35  Archon  
  146  16:36  Archon  
  146  16:37  Probe x2  
  148  16:40  Immortal  
  148  16:41  Photon Cannon  
  150  16:54  Pylon  
  150  17:04  High Templar x2  
  150  17:05  Zealot x4  
  162  17:13  Archon  
Show
View Real Time Build Order
Export as new Build Order

ShaDoWn Protoss 

Build Orders: Oracle Opening, Zealot Archon 

Get SALT Encoding   

  12  0:01  Probe  
  13  0:13  Probe  
  14  0:20  Pylon  
  14  0:25  Probe  
  15  0:34  Probe  
  15  0:39  Gateway  
  16  0:42  Probe  
  17  0:50  Assimilator  
  17  0:53  Probe  
  17  0:56  Assimilator  
  18  1:01  Probe  
  18  1:09  Probe  
  19  1:14  Gateway  
  20  1:19  Probe  
  21  1:26  Cybernetics Core  
  21  1:32  Probe  
  22  1:36  Pylon  
  22  1:44  Probe  
  23  1:56  Probe  
  24  2:05  Adept x2  
  28  2:08  Stargate  
  28  2:18  Warp Gate  
  27  2:37  Nexus  
  27  2:39  Probe  
  27  2:43  Oracle  
  28  2:50  Pylon  
  31  3:08  Probe  
  31  3:12  Oracle  
  32  3:20  Probe  
  32  3:26  Shield Battery  
  36  3:32  Probe  
  37  3:35  Robotics Facility  
  37  3:44  Probe  
  38  3:49  Probe  
  38  3:52  Forge  
  39  3:56  Probe  
  39  3:57  Probe  
  41  4:05  Probe  
  41  4:08  Probe  
  43  4:13  Sentry  
  43  4:15  Probe  
  45  4:20  Probe  
  47  4:24  Immortal  
  47  4:27  Probe  
  49  4:32  Probe  
  49  4:35  Probe  
  50  4:41  Pylon  
  50  4:43  Probe  
  50  4:44  Probe  
  50  4:45  Assimilator  
  52  4:46  Protoss Ground Weapons Level 1  
  52  4:49  Assimilator  
  53  4:53  Immortal  
  53  4:55  Probe  
  53  4:59  Probe  
  59  5:08  Probe  
  59  5:09  Pylon  
  59  5:12  Probe  
  61  5:14  Twilight Council  
  62  5:22  Warp Prism  
  62  5:25  Probe, Pylon  
  62  5:29  Gateway x2  
  64  5:42  Phoenix, Gateway  
  64  5:49  Gateway  
  66  5:51  Charge  
  66  5:59  Templar Archives  
  66  6:05  Stalker x2  
  70  6:12  Pylon  
  70  6:23  Gateway  
  70  6:24  Gateway  
  70  6:32  Protoss Ground Weapons Level 2  
  67  6:43  Zealot  
  67  6:44  Zealot x2  
  73  6:47  Pylon  
  73  6:50  Observer  
  73  6:53  Phoenix  
  74  7:04  Nexus  
  74  7:06  Pylon  
  74  7:10  Probe x2  
  74  7:11  Immortal  
  74  7:13  High Templar x2  
  74  7:15  Photon Cannon  
  84  7:17  Archon  
  84  7:21  High Templar x2  
  88  7:25  Zealot x2, Archon  
  92  7:32  Zealot x2  
  96  7:46  Warp Prism  
  96  7:52  High Templar x2  
  96  7:53  Zealot  
  96  7:57  Archon  
  98  8:01  Zealot x2, Pylon  
  98  8:03  Pylon  
  102  8:16  Probe  
  104  8:21  High Templar x2  
  104  8:22  Zealot x4  
  104  8:24  Pylon  
  115  8:28  Zealot x2, Archon  
  119  8:40  Probe x2  
  121  8:45  Zealot x2, High Templar x2  
  121  8:48  Probe  
  130  8:51  Zealot, Archon  
  132  8:59  Assimilator  
  132  9:00  Pylon  
  132  9:01  Assimilator  
  132  9:02  Pylon  
  132  9:04  Photon Cannon  
  132  9:11  Probe x2  
  134  9:21  Zealot x2  
  134  9:22  Zealot x3  
  140  9:36  Warp Prism  
  130  9:39  High Templar x3  
  130  9:45  Zealot x4, High Templar  
  134  9:48  Archon  
  134  9:49  Archon  
  132  9:54  Protoss Ground Weapons Level 3  
  132  10:09  High Templar x2  
  132  10:10  Zealot x2  
  132  10:13  Zealot x2, Archon  
  132  10:14  Zealot  
  144  10:30  Zealot x2, High Templar  
  144  10:33  Pylon x2  
  148  10:38  Zealot x3  
  151  10:47  Zealot x2  
  143  10:52  High Templar x2  
  143  11:02  Zealot x3, High Templar  
  143  11:11  Probe  
  144  11:12  Zealot x2  
  144  11:14  Probe  
  137  11:18  Archon  
  133  11:26  Zealot x5  
  133  11:30  Archon  
  143  11:33  Phoenix  
  143  11:35  High Templar x3  
  143  11:38  Probe  
  143  11:39  Probe  
  151  11:43  Archon  
  153  11:52  Photon Cannon  
  153  11:56  Nexus  
  153  12:03  Zealot, High Templar  
  153  12:04  Zealot x2  
  161  12:09  High Templar x2  
  161  12:12  Archon  
  165  12:25  Archon  
  165  12:26  Zealot x2, High Templar x2  
  173  12:36  Zealot x2  
  153  12:41  Zealot x2  
  143  12:45  Pylon  
  143  12:51  Zealot x2  
  143  12:53  Observer  
  145  12:58  Zealot x3  
  145  12:59  Zealot  
  145  13:03  Archon  
  139  13:26  Zealot x4  
  128  13:53  Cybernetics Core  
  122  14:04  Zealot x5  
  124  14:13  Phoenix  
  124  14:16  Probe x2  
  126  14:17  Assimilator  
  126  14:20  Photon Cannon  
  128  14:29  Probe  
  129  14:33  Probe  
  129  14:34  Phoenix, Probe  
  129  14:37  Zealot  
  128  14:49  Zealot x2  
  122  14:53  Zealot  
  122  14:56  Zealot  
  124  15:16  High Templar x6  
  136  15:23  Archon x3  
  136  15:39  Pylon  
  136  15:43  Photon Cannon  
  136  15:47  Phoenix  
  134  15:52  High Templar x6  
  124  15:57  Archon x3  
  114  16:05  Phoenix  
  98  16:20  Zealot x2  
  90  16:28  Zealot x6  
  102  16:38  Phoenix  
  104  16:45  Zealot x2  
  108  16:55  Zealot x4  
  116  17:03  Zealot x2  
Tags
 
Add a new tag
Caveats
  • Supply blocks, unpowered buildings, or Contaminate may cause inaccurate times.
  • Supply counts are checked every 10 seconds.